 Dungeon Crawl Stone Soup version 0.21.1-1-g345015f (webtiles) character file.

6325 kae the Martial Artist (level 10, -4/85 HPs)
             Began as a Gnoll Transmuter on June 1, 2018.
             Was a High Priest of Okawaru.
             Slain by a six-headed hydra (10 damage)
             ... on level 9 of the Dungeon.
             The game lasted 00:08:03 (7031 turns).

kae the Martial Artist (Gnoll Transmuter)           Turns: 7031, Time: 00:08:04

Health: -4/85      AC:  2    Str: 12    XL:     10   Next: 95%
Magic:  17/21      EV: 34    Int: 16    God:    Okawaru [*****.]
Gold:   442        SH:  0    Dex: 24    Spells: 18/24 levels left

rFire    . . .     SeeInvis .     - Unarmed
rCold    . . .     Gourm    .   (shield currently unavailable)
rNeg     . . .     Faith    .   (armour currently unavailable)
rPois    x         Spirit   .   (helmet currently unavailable)
rElec    .         Reflect  .   (cloak currently unavailable)
rCorr    .         Harm     .   (gloves currently unavailable)
MR       .....                  (boots currently unavailable)
Stlth    +++++.....             (no amulet)
HPRegen  0.24/turn              (no ring)
MPRegen  0.17/turn              (no ring)

@: spider-form, heroism
A: tiny, distributed training, rugged brown scales 1, blurry vision 1, robust 1,
strong nose
a: End Transformation, Heroism, Finesse, Renounce Religion


You were on level 9 of the Dungeon.
You worshipped Okawaru.
Okawaru was extremely pleased with you.
You were not hungry.
You were a venomous arachnid creature.
You visited 2 branches of the dungeon, and saw 10 of its levels.

You collected 442 gold pieces.

Inventory:

Hand Weapons
 q - a +1 war axe (melded)
Missiles
 a - 91 arrows
Armour
 b - a +0 robe
 l - a +0 troll leather armour (melded)
 w - the +2 ring mail of the Dice {rC+ rCorr, unknown}
   (You found it on level 5 of the Dungeon)

   It protects you from cold.
   It protects you from acid and corrosion.
Jewellery
 f - a +1 ring of protection {unknown}
 n - a +6 amulet of reflection {unknown}
 x - an uncursed ring of see invisible {unknown}
 y - a +4 ring of strength {unknown}
Wands
 t - a wand of acid (5)
 E - a wand of iceblast (4)
Scrolls
 e - 4 scrolls of teleportation
 h - 5 scrolls of remove curse
 j - a scroll of enchant weapon
 k - 5 scrolls of identify
 m - a scroll of amnesia
 v - a scroll of fear {unknown}
 D - a scroll of magic mapping {unknown}
Potions
 g - a potion of brilliance
 i - a potion of haste
 o - a potion of berserk rage {unknown}
 p - a potion of invisibility {unknown}
 r - 4 potions of curing
 s - 4 potions of flight
 u - a potion of heal wounds
 z - a potion of ambrosia {unknown}
 A - 2 potions of magic {unknown}
Books
 c - a book of Changes

   Spells                             Type                      Level
   a - Beastly Appendage              Transmutation                1
   b - Sticks to Snakes               Transmutation                2
   c - Spider Form                    Transmutation/Poison         3
   d - Ice Form                       Ice/Transmutation            4
   e - Blade Hands                    Transmutation                5
 B - a book of Frost

   Spells                             Type                      Level
   a - Freeze                         Ice                          1
   b - Throw Frost                    Conjuration/Ice              2
   c - Ozocubu's Armour               Charms/Ice                   3
   d - Throw Icicle                   Conjuration/Ice              4
   e - Summon Ice Beast               Ice/Summoning                4
Comestibles
 d - 21 rations


   Skills:
 + Level 6.2(11.2) Fighting
 + Level 5.6(10.6) Short Blades
 + Level 5.6(10.6) Long Blades
 + Level 5.6(10.6) Axes
 + Level 5.6(10.6) Maces & Flails
 + Level 5.6(10.6) Polearms
 + Level 5.6(10.6) Staves
 + Level 5.6(10.6) Slings
 + Level 5.6(10.6) Bows
 + Level 5.6(10.6) Crossbows
 + Level 5.6(10.6) Throwing
 + Level 5.6(10.6) Armour
 + Level 7.3(12.3) Dodging
 + Level 5.6(10.6) Stealth
 + Level 5.6(10.6) Shields
 + Level 8.7(13.7) Unarmed Combat
 + Level 7.6 Spellcasting
 + Level 4.6 Conjurations
 + Level 4.6 Hexes
 + Level 4.6 Charms
 + Level 4.6 Summonings
 + Level 4.6 Necromancy
 + Level 4.6 Translocations
 + Level 6.1 Transmutations
 + Level 4.6 Fire Magic
 + Level 4.6 Ice Magic
 + Level 4.6 Air Magic
 + Level 4.6 Earth Magic
 + Level 4.6 Poison Magic
 + Level 6.2 Invocations
 + Level 5.6 Evocations


You had 18 spell levels left.
You knew the following spells:

 Your Spells              Type           Power        Failure   Level  Hunger
a - Beastly Appendage     Tmut           ####..       4%          1    None
b - Sticks to Snakes      Tmut           ####....     6%          2    None
c - Spider Form           Tmut/Pois      ###.......   12%         3    ##.....


Dungeon Overview and Level Annotations

Branches:
Dungeon (9/15)             Temple (1/1) D:4
   Lair: D:8-11         Orc: D:9-12

Altars:
Cheibriados
Dithmenos
Elyvilon
Fedhas
Gozag
Hepliaklqana
Makhleb
Okawaru
Qazlal
Ru
Sif Muna
Trog
Uskayaw
Vehumet
Wu Jian
Yredelemnul
Zin
The Shining One

Shops:
D:8 (

Annotations:
D:3 Sigmund
D:5 kirsanium's ghost, amateur DEFE


Innate Abilities, Weirdness & Mutations

Your experience applies equally to all skills.
((You have very sharp teeth.))
Your uncanny sense of smell can sniff out nearby items.
(You are partially covered in rugged brown scales. (AC +1, +3% HP))
Scrolls take you a little longer to read.
You are robust. (+10% HP)


Message History

The six-headed hydra completely misses you.
The six-headed hydra bites you! x2
The six-headed hydra closely misses you.
The six-headed hydra misses you. The six-headed hydra bites you!
You hit the six-headed hydra.
The six-headed hydra is lightly wounded.
You bite the six-headed hydra!
The six-headed hydra is moderately wounded.
The six-headed hydra misses you. The six-headed hydra bites you!
* * * LOW HITPOINT WARNING * * *
The six-headed hydra bites you!
* * * LOW HITPOINT WARNING * * *
The six-headed hydra bites you.
* * * LOW HITPOINT WARNING * * *
The six-headed hydra completely misses you. x2
You bite the six-headed hydra!
The six-headed hydra is moderately wounded.
The six-headed hydra completely misses you.
The six-headed hydra bites you!
You die... #.......# #.......# .......# ....o.# ..o.. .oo

∆ #D# ##s#
#####..# ##.....##
#..#####
######'#######
##...........)#
###...###.......#
#≈≈...≈≈#.......#
##≈..♣..≈#.......#


You could see a six-headed hydra and 4 orcs.

Vanquished Creatures
  4 two-headed ogres
  The ghost of diana the Martial Artist, a novice DsGl of Uskayaw (D:8)
  Prince Ribbit (D:5)
  2 hippogriffs
  A spriggan (D:7)
  Edmund (D:4)
  2 orc warriors (D:8)
  An ice beast (D:6)
  2 phantoms (D:8)
  An ogre (D:4)
  3 centaurs
  3 bullfrogs
  2 scorpions
  6 killer bees (D:8)
  4 crimson imps
  2 howler monkeys
  3 hounds
  A jelly (D:9)
  6 orc priests
  2 bullfrog skeletons
  2 iguanas
  5 orc wizards
  4 worker ants
  A howler monkey zombie (D:5)
  3 gnolls
  A howler monkey skeleton (D:6)
  10 adders
  A shadow imp (D:6)
  An adder zombie (D:7)
  3 worms
  A dart slug (D:1)
  9 leopard geckos
  38 orcs
  5 giant cockroaches
  11 goblins
  11 hobgoblins
  A ball python (D:5)
  A ball python skeleton (D:5)
  6 bats
  3 frilled lizards
  7 kobolds
  A leopard gecko zombie (D:6)
  7 rats
180 creatures vanquished.

Vanquished Creatures (collateral kills)
  A hound (D:4)
  2 gnolls (D:4)
  A ball python (D:2)
  A hobgoblin (D:2)
5 creatures vanquished.

Vanquished Creatures (others)
  A quokka (D:9)
1 creature vanquished.

Grand Total: 186 creatures vanquished

Notes
Turn   | Place    | Note
-------+----------+-------------------------------------------
     0 | D:1      | kae the Gnoll Transmuter began the quest for the Orb.
     0 | D:1      | Reached XP level 1. HP: 17/17 MP: 6/6
    23 | D:1      | Reached XP level 2. HP: 19/23 MP: 7/7
   591 | D:2      | Reached XP level 3. HP: 28/28 MP: 7/9
   613 | D:2      | Learned a level 2 spell: Sticks to Snakes
   617 | D:2      | Learned a level 3 spell: Spider Form
   638 | D:2      | Reached skill level 5 in Spellcasting
   839 | D:2      | Reached skill level 1 in Invocations
  1025 | D:2      | Reached skill level 1 in Short Blades
  1025 | D:2      | Reached skill level 1 in Long Blades
  1025 | D:2      | Reached skill level 1 in Axes
  1025 | D:2      | Reached skill level 1 in Maces & Flails
  1025 | D:2      | Reached skill level 1 in Polearms
  1025 | D:2      | Reached skill level 1 in Staves
  1025 | D:2      | Reached skill level 1 in Slings
  1025 | D:2      | Reached skill level 1 in Bows
  1025 | D:2      | Reached skill level 1 in Crossbows
  1025 | D:2      | Reached skill level 1 in Throwing
  1025 | D:2      | Reached skill level 1 in Armour
  1025 | D:2      | Reached skill level 1 in Stealth
  1025 | D:2      | Reached skill level 1 in Shields
  1025 | D:2      | Reached skill level 1 in Evocations
  1050 | D:2      | Reached XP level 4. HP: 34/34 MP: 11/11
  1548 | D:3      | Found a hazy altar of Hepliaklqana.
  1834 | D:3      | Noticed Sigmund
  1839 | D:3      | Gained mutation: You are partially covered in rugged brown scales. (AC +1, +3% HP) [potion of mutation]
  1839 | D:3      | Gained mutation: Scrolls take you a little longer to read. [potion of mutation]
  1839 | D:3      | Gained mutation: You are robust. (+10% HP) [potion of mutation]
  1928 | D:4      | Reached skill level 1 in Conjurations
  1928 | D:4      | Reached skill level 1 in Hexes
  1928 | D:4      | Reached skill level 1 in Charms
  1928 | D:4      | Reached skill level 1 in Summonings
  1928 | D:4      | Reached skill level 1 in Necromancy
  1928 | D:4      | Reached skill level 1 in Translocations
  1928 | D:4      | Reached skill level 1 in Fire Magic
  1928 | D:4      | Reached skill level 1 in Ice Magic
  1928 | D:4      | Reached skill level 1 in Air Magic
  1928 | D:4      | Reached skill level 1 in Earth Magic
  1928 | D:4      | Reached skill level 1 in Poison Magic
  1956 | D:4      | Noticed Edmund
  1957 | D:4      | Found a staircase to the Ecumenical Temple.
  1977 | D:4      | Reached XP level 5. HP: 32/45 MP: 7/12
  1993 | D:4      | Noticed an ogre
  1994 | D:4      | Killed Edmund
  2001 | Temple   | Entered the Ecumenical Temple
  2192 | Temple   | Became a worshipper of Warmaster Okawaru
  2280 | D:4      | Killed an ogre
  2280 | D:4      | Reached XP level 6. HP: 53/53 MP: 10/14
  2346 | D:4      | Reached skill level 5 in Dodging
  2438 | Temple   | Reached * piety under Okawaru
  2828 | D:4      | Reached XP level 7. HP: 53/58 MP: 15/15
  2964 | D:4      | Reached skill level 7 in Unarmed Combat
  3511 | D:5      | Entered Level 5 of the Dungeon
  3656 | D:5      | Noticed kirsanium's ghost (amateur DEFE)
  3760 | D:5      | Reached ** piety under Okawaru
  3786 | D:5      | Got a slimy ring mail
  3991 | D:5      | Noticed Prince Ribbit
  4011 | D:5      | Killed Prince Ribbit
  4011 | D:5      | Reached XP level 8. HP: 63/67 MP: 14/16
  4027 | D:5      | Found a hide-covered altar of Uskayaw.
  4027 | D:5      | Found a snail-covered altar of Cheibriados.
  4773 | D:7      | Reached *** piety under Okawaru
  5149 | D:7      | Found an iron altar of Okawaru.
  5211 | D:7      | Noticed a spriggan baker
  5219 | D:7      | Killed a spriggan baker
  5219 | D:7      | Reached XP level 9. HP: 74/74 MP: 18/18
  5341 | D:8      | Reached skill level 5 in Transmutations
  5391 | D:8      | Noticed a two-headed ogre
  5411 | D:8      | Killed a two-headed ogre
  5411 | D:8      | Received a gift from Okawaru
  5411 | D:8      | Reached skill level 5 in Fighting
  5494 | D:8      | Found Azizudih's Weapon Emporium.
  5591 | D:8      | Reached **** piety under Okawaru
  5591 | D:8      | Reached skill level 8 in Unarmed Combat
  5600 | D:8      | Noticed a two-headed ogre
  5616 | D:8      | Killed a two-headed ogre
  5616 | D:8      | Reached skill level 5 in Invocations
  5616 | D:8      | Reached XP level 10. HP: 67/83 MP: 15/20
  5685 | D:8      | Received a gift from Okawaru
  5694 | D:8      | Noticed a two-headed ogre
  5699 | D:8      | Killed a two-headed ogre
  5699 | D:8      | Reached skill level 5 in Short Blades
  5699 | D:8      | Reached skill level 5 in Long Blades
  5699 | D:8      | Reached skill level 5 in Axes
  5699 | D:8      | Reached skill level 5 in Maces & Flails
  5699 | D:8      | Reached skill level 5 in Polearms
  5699 | D:8      | Reached skill level 5 in Staves
  5699 | D:8      | Reached skill level 5 in Slings
  5699 | D:8      | Reached skill level 5 in Bows
  5699 | D:8      | Reached skill level 5 in Crossbows
  5699 | D:8      | Reached skill level 5 in Throwing
  5699 | D:8      | Reached skill level 5 in Armour
  5699 | D:8      | Reached skill level 5 in Stealth
  5699 | D:8      | Reached skill level 5 in Shields
  5699 | D:8      | Reached skill level 5 in Evocations
  5862 | D:8      | Reached ***** piety under Okawaru
  6046 | D:8      | Noticed diana's ghost (novice DsGl)
  6073 | D:8      | Killed diana's ghost
  6877 | D:9      | Found a white marble altar of Elyvilon.
  6984 | D:9      | Noticed a two-headed ogre
  6993 | D:9      | Killed a two-headed ogre
  6993 | D:9      | Received a gift from Okawaru
  7022 | D:9      | Noticed a six-headed hydra
  7031 | D:9      | Slain by a six-headed hydra

Skill      XL: |  1  2  3  4  5  6  7  8  9 10 |
---------------+-------------------------------+-----
Spellcasting   | 5 6 7 |  7.6
Invocations    | 1 2 3 4 5 6 |  6.2
Short Blades   | 1 2 3 4 5 |  5.6
Long Blades    | 1 2 3 4 5 |  5.6
Axes           | 1 2 3 4 5 |  5.6
Maces & Flails | 1 2 3 4 5 |  5.6
Polearms       | 1 2 3 4 5 |  5.6
Staves         | 1 2 3 4 5 |  5.6
Slings         | 1 2 3 4 5 |  5.6
Bows           | 1 2 3 4 5 |  5.6
Crossbows      | 1 2 3 4 5 |  5.6
Throwing       | 1 2 3 4 5 |  5.6
Armour         | 1 2 3 4 5 |  5.6
Stealth        | 1 2 3 4 5 |  5.6
Shields        | 1 2 3 4 5 |  5.6
Evocations     | 1 2 3 4 5 |  5.6
Conjurations   | 1 2 3 4 |  4.6
Hexes          | 1 2 3 4 |  4.6
Charms         | 1 2 3 4 |  4.6
Summonings     | 1 2 3 4 |  4.6
Necromancy     | 1 2 3 4 |  4.6
Translocations | 1 2 3 4 |  4.6
Fire Magic     | 1 2 3 4 |  4.6
Ice Magic      | 1 2 3 4 |  4.6
Air Magic      | 1 2 3 4 |  4.6
Earth Magic    | 1 2 3 4 |  4.6
Poison Magic   | 1 2 3 4 |  4.6
Fighting       | 3 4 5 6 |  6.2
Transmutations | 4 5 6 |  6.1
Dodging        | 5 6 7 |  7.3
Unarmed Combat | 7 8 |  8.7

Action                   |  1- 3 |  4- 6 |  7- 9 | 10-12 || total
-------------------------+-------+-------+-------+-------++-------
Melee: Unarmed           |    86 |    42 |   143 |    51 ||   322
       Headbutt          |     2 |     5 |       |       ||     7
       Kick              |     7 |     2 |       |       ||     9
       Bite              |     5 |    11 |    16 |    15 ||    47
       Punch             |     1 |     3 |     5 |     9 ||    18
       War axe           |       |    90 |   108 |   104 ||   302
 Cast: Beastly Appendage |    10 |     8 |       |       ||    18
       Sticks to Snakes  |     1 |     4 |       |       ||     5
       Spider Form       |       |     3 |    19 |     8 ||    30
Invok: Heroism           |       |       |     1 |     6 ||     7
  Use: Potion            |       |     6 |     1 |     1 ||     8
       Scroll            |       |    11 |       |       ||    11
 Stab: Sleeping          |     1 |     1 |     7 |     1 ||    10
       Distracted        |       |     1 |       |       ||     1
  Eat: Chunk             |       |     3 |    11 |     5 ||    19
       Ration            |       |     1 |       |       ||     1
Armor: Robe              |     5 |       |       |       ||     5
       Troll leather arm |     9 |    21 |    17 |    15 ||    62
       Skin              |       |     1 |    10 |     2 ||    13
Dodge: Dodged            |    51 |   119 |   239 |   197 ||   606
